 Dungeon Crawl Stone Soup version 0.17.1-3-g152610e (webtiles) character file.

14658 Heskey the Fighter (level 11, -13/111 HPs)
             Began as a Minotaur Gladiator on Mar 25, 2016.
             Was a High Priest of Makhleb.
             Killed from afar by Harold (36 damage)
             ... with a bolt of fire
             ... on level 12 of the Dungeon.
             The game lasted 00:31:02 (12606 turns).

Heskey the Fighter (Minotaur Gladiator)            Turns: 12606, Time: 00:31:03

Health: -13/111    AC:  3    Str: 25    XL:     11   Next: 91%
Magic:  13/13      EV:  9    Int:  5    God:    Makhleb [*****.]
Gold:   129        SH:  0    Dex: 12    Spells: 0 memorised, 10 levels left

rFire  . . .     SeeInvis .     a - +2 quarterstaff
rCold  . . .     Clarity  .     q - +1 plate armour
rNeg   . . .     SustAt   .     (shield currently unavailable)
rPois  +         Gourm    .     c - +0 hat
rElec  .         Spirit   .     m - +0 cloak
rCorr  .         Warding  .     r - +0 pair of gloves
rMut   .         Stasis   .     (no boots)
MR     .....                    (no amulet)
Stlth  ..........               x - +3 ring of strength
                                H - ring of poison resistance

@: lethally poisoned (-13 -> -21), about to teleport, corroded equipment, very
slightly contaminated, hasted, very quick, not resistant to hostile
enchantments, extremely unstealthy
A: retaliatory headbutt, horns 2
a: Minor Destruction, Lesser Servant of Makhleb, Major Destruction, Greater
Servant of Makhleb, Renounce Religion


You were on level 12 of the Dungeon.
You worshipped Makhleb.
Makhleb was extremely pleased with you.
You were not hungry.

You visited 2 branches of the dungeon, and saw 13 of its levels.
You also visited: Sewer.

You collected 735 gold pieces.
You spent 606 gold pieces at shops.

Inventory:

Hand Weapons
 a - a +2 quarterstaff (weapon)
Missiles
 d - 8 throwing nets (quivered)
 l - 5 tomahawks of returning
Armour
 c - a +0 hat (worn)
 m - a +0 cloak (worn)
 q - a +1 plate armour (worn)
 r - a +0 pair of gloves (worn)
Magical Staves
 i - an uncursed staff of earth
Jewellery
 x - a +3 ring of strength (right hand)
 y - a +4 ring of intelligence
 H - a ring of poison resistance (left hand)
Wands
 n - a wand of enslavement (7)
 p - a wand of random effects (10)
 v - a wand of random effects (12)
 A - a wand of hasting (7)
Scrolls
 b - 9 scrolls of identify
 f - 4 scrolls of amnesia
 j - 2 scrolls of teleportation
 o - 3 scrolls of fog
 u - a scroll of enchant weapon
 w - 5 scrolls of remove curse
 D - a scroll of recharging {unknown}
 E - 2 scrolls of blinking
 F - a scroll of magic mapping {unknown}
Potions
 g - 9 potions of curing
 k - 7 potions of heal wounds
 s - 2 potions of flight
 t - 2 potions of agility
 G - 2 potions of invisibility
Books
 B - a book of Callings

   Spells                             Type                      Level
   a - Summon Small Mammal            Summoning                    1
   b - Call Imp                       Summoning                    2
   c - Call Canine Familiar           Summoning                    3
   d - Summon Guardian Golem          Hexes/Summoning              3
   e - Summon Lightning Spire         Summoning/Air                4
   f - Summon Ice Beast               Ice/Summoning                4
Comestibles
 e - 14 bread rations
 h - 4 meat rations
 z - 6 fruits
 C - 6 beef jerkies


   Skills:
 * Level 14.5 Fighting
 + Level 12.1 Staves
 - Level 2.0 Throwing
 + Level 11.3 Armour
 - Level 4.1 Dodging
 + Level 4.8 Invocations


You had 10 spell levels left.
You didn't know any spells.

Dungeon Overview and Level Annotations

Branches:
Dungeon (12/15)            Temple (1/1) D:6            Lair (0/8) D:9
    Orc (0/4) D:10

Altars:
Ashenzari
Cheibriados
Dithmenos
Elyvilon
Fedhas
Gozag
Kikubaaqudgha
Makhleb
Nemelex Xobeh
Okawaru
Qazlal
Ru
Sif Muna
Trog
Vehumet
Xom
Yredelemnul
Zin
The Shining One

Shops:
D:7 (   D:11 =*}=

Annotations:
D:3 dohliylev's ghost, amateur DDFi
D:12 Harold


Innate Abilities, Weirdness & Mutations

You reflexively headbutt those who attack you in melee.
You have a pair of horns on your head.


Message History

Harold the Weathered comes into view.
He is wielding a battleaxe of venom.
There is a stone staircase leading up here.
Read which item? (? for menu, Esc to quit)
As you read the scroll of teleportation, it crumbles to dust.
You feel strangely unstable.
Harold throws a throwing net.
The throwing net hits you.
You become entangled in the net!
You see here a throwing net.
You struggle against the net.
Harold grumbles, "Just give up already, I want to go home!"
You try to slip out of the net.
You try to slip out of the net.
Harold hits you with a battleaxe of venom!
* * * LOW HITPOINT WARNING * * *
You are poisoned.
You slip out of the net!
You feel sick.
You feel sick.
Harold points at you and mumbles some strange words.
The bolt of fire hits you!
You die...

#### ...#
########.#.#
..........#
#........#
#........#
#.@(@....#
#........#
##.......#
#########


You could see Harold.

Vanquished Creatures
  The ghost of bollicks1999 the Blocker, a journeyman MiFi of the Shining One (D:11)
  A hydra (D:11)
  The ghost of Heskey the Fighter, a novice DrFi of Makhleb (D:11)
  The ghost of emiel the Covert, a novice OpEn of Dithmenos (D:11)
  A hill giant (D:10)
  The ghost of Shufflesack the Covert, a novice SpEn (D:7)
  3 gargoyles
  2 trolls
  Grinder (D:5)
  A trapdoor spider (D:11)
  Sigmund (D:5)
  2 wyverns
  The ghost of dohliylev the Shield-Bearer, an amateur DDFi (D:6)
  19 yaks
  The ghost of Shufflesack the Covert, an amateur SpEn (D:4)
  A hungry ghost (D:10)
  A deep elf fighter (D:9)
  2 wargs (D:10)
  Grum (D:11)
  3 wolves (D:11)
  3 hippogriffs
  A water moccasin (D:11)
  2 sky beasts
  A phantom (D:6)
  3 black bears
  5 orc warriors
  3 ice beasts
  A necrophage (D:8)
  6 ogres
  A crocodile (D:9)
  2 centaurs (D:7)
  6 giant frogs
  A big kobold (Sewer)
  A gnoll sergeant (D:6)
  3 scorpions
  A crimson imp (D:5)
  5 wights (D:11)
  2 giant frog skeletons
  2 jellies
  A quasit (D:8)
  A gnoll shaman (D:4)
  9 hounds
  A wasp zombie (D:9)
  4 orc priests
  5 worker ants
  5 iguanas
  3 centaur skeletons
  7 orc wizards
  A hound zombie (D:5)
  3 worker ant zombies
  15 adders
  11 gnolls
  9 river rats
  2 shadow imps
  2 oozes
  An adder skeleton (D:7)
  4 worms
  3 giant geckos
  42 orcs
  3 ball pythons
  5 giant cockroaches
  2 hobgoblins (D:1)
  2 quokkas
  16 bats
  8 giant newts
  6 goblins
  A jackal skeleton (D:6)
  A jackal zombie (D:5)
  18 kobolds
  A quokka skeleton (D:7)
  30 rats
316 creatures vanquished.

Vanquished Creatures (others)
  4 fungi (D:9)
  2 plants (D:5)
6 creatures vanquished.

Grand Total: 322 creatures vanquished

Notes
Turn   | Place    | Note
--------------------------------------------------------------
     0 | D:1      | Heskey the Minotaur Gladiator began the quest for the Orb.
     0 | D:1      | Reached XP level 1. HP: 18/18 MP: 0/0
   197 | D:1      | Reached XP level 2. HP: 25/25 MP: 1/1
   358 | D:1      | Found a glowing golden altar of the Shining One.
   519 | D:2      | Found a stormy altar of Qazlal.
   560 | D:2      | Reached skill level 4 in Staves
   658 | D:2      | Found an opulent altar of Gozag.
   661 | D:2      | Reached skill level 1 in Armour
   722 | D:2      | Reached XP level 3. HP: 21/30 MP: 2/2
  1224 | D:3      | Found an ancient bone altar of Kikubaaqudgha.
  1377 | D:3      | Noticed dohliylev's ghost (amateur DDFi)
  1563 | D:3      | HP: 1/31 [dohliylev's ghost (1)]
  2216 | D:2      | Reached XP level 4. HP: 34/38 MP: 3/3
  3262 | D:3      | Found an iron altar of Okawaru.
  3415 | D:4      | Noticed Shufflesack's ghost (amateur SpEn)
  3773 | D:4      | Killed Shufflesack's ghost
  3773 | D:4      | Reached skill level 5 in Staves
  3773 | D:4      | Reached XP level 5. HP: 20/47 MP: 4/4
  3773 | D:4      | Reached XP level 6. HP: 22/53 MP: 5/5
  4449 | D:4      | Reached skill level 5 in Fighting
  4515 | D:4      | Found a shattered altar of Ashenzari.
  4558 | D:5      | Entered Level 5 of the Dungeon
  4587 | D:5      | Found a glowing drain.
  4612 | Sewer    | Entered a sewer
  4724 | Sewer    | Reached skill level 6 in Staves
  4724 | Sewer    | Reached XP level 7. HP: 52/61 MP: 6/6
  5095 | D:5      | Noticed Sigmund
  5332 | D:4      | Reached skill level 5 in Armour
  5458 | D:5      | Killed Sigmund
  5458 | D:5      | Reached skill level 7 in Staves
  5504 | D:5      | Found a blossoming altar of Fedhas.
  5506 | D:5      | Noticed Grinder
  5584 | D:5      | Paralysed by Grinder for 4 turns
  5592 | D:5      | Killed Grinder
  5592 | D:5      | Reached XP level 8. HP: 45/71 MP: 7/7
  5720 | D:5      | Found a shimmering altar of Xom.
  5829 | D:5      | Got a warped leather armour
  5830 | D:5      | Identified the cursed +1 leather armour "Malez" {rF+ Int+2} (You found it on level 5 of the Dungeon)
  5990 | D:5      | Reached skill level 8 in Staves
  6118 | D:6      | Found a staircase to the Ecumenical Temple.
  6151 | Temple   | Entered the Ecumenical Temple
  6181 | Temple   | Became a worshipper of Makhleb the Destroyer
  6698 | D:6      | Killed dohliylev's ghost
  7041 | D:6      | Reached skill level 9 in Staves
  7041 | D:6      | Reached XP level 9. HP: 80/82 MP: 8/8
  7432 | D:7      | Found a glowing golden altar of the Shining One.
  7562 | D:7      | Noticed Shufflesack's ghost (novice SpEn)
  7586 | D:7      | Killed Shufflesack's ghost
  7606 | D:7      | Found Bohuten's Weapon Shoppe.
  7928 | D:7      | Found a snail-covered altar of Cheibriados.
  7993 | D:7      | You fall through a shaft for 2 floors!
  7998 | D:9      | Reached * piety under Makhleb
  8060 | D:8      | Reached skill level 10 in Fighting
  8719 | D:7      | Reached skill level 10 in Staves
  9183 | D:8      | Reached XP level 10. HP: 94/94 MP: 9/9
  9231 | D:8      | Reached ** piety under Makhleb
  9231 | D:8      | Reached skill level 11 in Fighting
  9905 | D:9      | Found a staircase to the Lair.
 10031 | D:10     | Entered Level 10 of the Dungeon
 10116 | D:10     | Reached *** piety under Makhleb
 10130 | D:10     | Found a staircase to the Orcish Mines.
 10170 | D:10     | Reached skill level 12 in Fighting
 10354 | D:10     | Reached skill level 10 in Armour
 10493 | D:10     | Reached skill level 1 in Invocations
 10581 | D:10     | Noticed a hill giant
 10590 | D:10     | Killed a hill giant
 10900 | D:10     | Reached XP level 11. HP: 102/106 MP: 11/11
 10996 | D:11     | Noticed emiel's ghost (novice OpEn)
 11010 | D:11     | Killed emiel's ghost
 11010 | D:11     | Reached skill level 13 in Fighting
 11278 | D:11     | Noticed bollicks1999's ghost (journeyman MiFi)
 11338 | D:11     | Killed bollicks1999's ghost
 11505 | D:11     | Found Ycle's General Store.
 11536 | D:11     | Noticed Grum
 11555 | D:11     | Reached **** piety under Makhleb
 11561 | D:11     | Killed Grum
 11707 | D:11     | Found Sitzot's Jewellery Shoppe.
 11710 | D:11     | Bought a +3 ring of strength for 266 gold pieces
 11710 | D:11     | Bought an uncursed ring of poison resistance for 340 gold pieces
 11776 | D:11     | Found Oran's Gadget Emporium.
 11814 | D:11     | Found Qonoa's Jewellery Boutique.
 11836 | D:11     | Noticed Heskey's ghost (novice DrFi)
 12212 | D:11     | Killed Heskey's ghost
 12212 | D:11     | Reached skill level 14 in Fighting
 12250 | D:11     | Noticed a seven-headed hydra
 12261 | D:11     | Killed a seven-headed hydra
 12527 | D:11     | Reached ***** piety under Makhleb
 12599 | D:12     | Noticed Harold
 12606 | D:12     | Killed from afar by Harold

Action                   |  1- 3 |  4- 6 |  7- 9 | 10-12 || total
-------------------------+-------+-------+-------+-------++-------
Melee: Quarterstaff      |    78 |   144 |   350 |   493 ||  1065
Throw: Throwing net      |       |     2 |     3 |     1 ||     6
  Use: Scroll            |     6 |     4 |     3 |     3 ||    16
       Potion            |     4 |     3 |     2 |    12 ||    21
 Stab: Invisible         |       |     1 |       |       ||     1
       Held in net/web   |       |       |     2 |       ||     2
  Eat: Bread ration      |     1 |     1 |       |     1 ||     3
       Chunk             |       |     4 |     7 |     8 ||    19
       Meat ration       |       |       |     1 |       ||     1
       Beef jerky        |       |       |     1 |     1 ||     2
       Royal jelly       |       |       |       |     1 ||     1
       Pizza             |       |       |       |     1 ||     1
